 Dungeon Crawl Stone Soup version 0.27-a0-78-g75406f0b48 (webtiles) character file.

Game seed: 12356521560704750242

16069 Essalna the Geomancer (level 12, -1/73 HPs)
             Began as a Gargoyle Earth Elementalist on Jan 14, 2021.
             Was a Priest of Vehumet.
             Slain by a cane toad (14 damage)
             ... on level 3 of the Lair of Beasts.
             The game lasted 00:48:42 (17442 turns).

Essalna the Geomancer (GrEE)                       Turns: 17442, Time: 00:48:43

Health: -1/73      AC: 16    Str: 13    XL:     12   Next: 33%
Magic:  0/25       EV: 14    Int: 20    God:    Vehumet [***...]
Gold:   773        SH:  0    Dex: 10    Spells: 21/30 levels left

rFire    + . .     SeeInvis +   k - +2 spear (flame)
rCold    . . .     Faith    .   (no shield)
rNeg     + . .     Spirit   .   r - +2 robe {Will+}
rPois    ∞         Reflect  .   h - +0 helmet {SInv}
rElec    +         Harm     .   K - +0 cloak
rCorr    .         Rampage  .   (no gloves)
Will     ++...                  (no boots)
Stlth    ++........             y - amulet of the acrobat
HPRegen  0.22/turn              O - ring of protection from fire
MPRegen  0.19/turn              D - ring of willpower

@: no status effects
A: negative energy resistance 1, electricity resistance, unbreathing,
petrification resistance, miasma immunity, AC +8
a: Renounce Religion


You were on level 3 of the Lair of Beasts.
You worshipped Vehumet.
Vehumet was most pleased with you.
You visited 3 branches of the dungeon, and saw 13 of its levels.
You also visited: Ossuary and Volcano.

You collected 773 gold pieces.

Inventory:

Hand Weapons
 k - a +2 spear of flaming (weapon)
Missiles
 b - 290 stones
Armour
 d - a +1 robe of fire resistance
 h - a +0 helmet of see invisible (worn)
 r - a +2 robe of willpower (worn)
 w - a +0 helmet
 H - the +6 scale mail of the Furies {Int+4, unknown}
   (You found it on level 2 of the Lair of Beasts)

   It affects your intelligence (+4).
 K - a +0 cloak (worn)
Magical Staves
 c - an uncursed staff of earth
Jewellery
 x - an uncursed ring of positive energy
 y - an amulet of the acrobat (around neck)
 D - a ring of willpower (right hand)
 E - the ring of Ybrok {*Tele rC+ Str+3 Stlth+}
   (You found it on level 2 of the Lair of Beasts)

   [ring of teleportation]

   It may teleport you next to monsters.
   It affects your strength (+3).
   It protects you from cold.
   It makes you more stealthy.
 F - an uncursed ring of see invisible
 I - an uncursed ring of poison resistance {unknown}
 O - a ring of protection from fire (left hand)
Wands
 j - a wand of polymorph (12)
 A - a wand of random effects (53)
 B - a wand of acid (14)
 M - a wand of flame (17)
Scrolls
 e - 2 scrolls of enchant weapon
 f - a scroll of random uselessness
 i - 2 scrolls of teleportation
 q - 8 scrolls of remove curse
 u - a scroll of fog {unknown}
 v - 2 scrolls of noise
 z - a scroll of blinking
 L - 2 scrolls of magic mapping
 N - 4 scrolls of identify
Potions
 a - 3 potions of haste
 g - a potion of heal wounds
 l - 3 potions of lignification
 m - 2 potions of might
 n - 3 potions of flight {unknown}
 o - 7 potions of curing {unknown}
 p - 2 potions of mutation {unknown}
 s - 2 potions of attraction
 t - a potion of resistance
 C - a potion of cancellation
 G - a potion of magic {unknown}
 J - 4 potions of brilliance


   Skills:
 + Level 8.0 Fighting
 + Level 8.1 Armour
 + Level 6.4 Dodging
 - Level 2.1 Stealth
 + Level 9.9 Spellcasting
 - Level 3.0 Transmutations
 + Level 12.6 Earth Magic


You had 21 spell levels left.
You knew the following spells:

 Your Spells              Type           Power        Failure   Level
a - Sandblast             Erth           100%         1%          1
b - Stone Arrow           Conj/Erth      70%          1%          3
c - Lee's Rapid Deconstr  Erth           28%          1%          5

Your spell library contained the following spells:

 Spells                   Type           Power        Failure   Level
 Inner Flame              Hex/Fire       9%           6%          3
 Foxfire                  Conj/Fire      36%          1%          1
 Freeze                   Ice            36%          1%          1
 Magic Dart               Conj           36%          1%          1
 Shock                    Conj/Air       36%          1%          1
 Passwall                 Tmut/Erth      34%          1%          2
 Petrify                  Tmut/Erth      41%          2%          4
 Searing Ray              Conj           18%          3%          2
 Conjure Flame            Conj/Fire      9%           6%          3
 Dazzling Flash           Conj/Hex       18%          6%          3
 Frozen Ramparts          Ice            18%          6%          3
 Static Discharge         Conj/Air       9%           6%          3
 Animate Skeleton         Necr           18%          7%          1
 Apportation              Tloc           18%          7%          1
 Corona                   Hex            10%          7%          1
 Summon Small Mammal      Summ           36%          7%          1
 Swiftness                Air            9%           11%         2
 Airstrike                Air            4%           17%         4
 Fulminant Prism          Conj/Hex       4%           17%         4
 Hailstorm                Conj/Ice       9%           17%         4
 Iskenderun's Mystic Bla  Conj/Tloc      9%           17%         4
 Sticky Flame             Conj/Fire      9%           17%         4
 Ozocubu's Armour         Ice            9%           22%         3
 Irradiate                Conj/Tmut      7%           26%         5
 Fireball                 Conj/Fire      4%           43%         5
 Lightning Bolt           Conj/Air       4%           43%         5
 Summon Ice Beast         Ice/Summ       9%           56%         4
 Starburst                Conj/Fire      4%           92%         6
 Invisibility             Hex            9%           100%        6


Dungeon Overview and Level Annotations

Branches:
Dungeon (9/15)             Temple (1/1) D:6            Lair (3/6) D:8
 Spider (0/4) Lair:2      Ossuary (visited)         Volcano (visited)
  Swamp: Lair:2-4    Shoals: Lair:2-4       Orc: D:9-12

Altars:
Ashenzari
Cheibriados
Dithmenos
Gozag
Hepliaklqana
Makhleb
Nemelex Xobeh
Ru
Trog
Uskayaw
Vehumet
Wu Jian
Xom
Yredelemnul
Zin
The Shining One

Shops:
D:6 ?   D:8 ?


Innate Abilities, Weirdness & Mutations

You are resistant to torment.
Your stone body is resilient. (AC +8)
You are immune to poison.
You resist negative energy. (rN+)
You are resistant to electric shocks. (rElec)
You can survive without breathing.
You are immune to petrification.
You are immune to miasma.


Message History

The cane toad stings you but does no damage.
Casting: Sandblast (safe; 1% risk of failure)
Confirm with . or Enter, or press ? or * to list all spells.
Aiming: Sandblast (safe; 1% risk of failure)
Press: ? - help, Shift-Dir - straight line, f/p - cane toad
Aim: a cane toad (moderately wounded, 14% to evade)
The blast of sand hits the cane toad.
The cane toad is heavily wounded.
b - 291 stones The cane toad stings you!
The cane toad stings you!!
* * * LOW HITPOINT WARNING * * *
Casting: Sandblast (safe; 1% risk of failure)
Confirm with . or Enter, or press ? or * to list all spells.
Aiming: Sandblast (safe; 1% risk of failure)
Press: ? - help, Shift-Dir - straight line, f/p - cane toad
Aim: a cane toad (heavily wounded, 14% to evade)
The blast of sand misses the cane toad.
b - 290 stones The cane toad stings you!
You die...

#...#
#.+....... .
##..##
..P###.P.. .
##...## #..
... .
#...#.###..
.
##.P.......
#PP....###
#......#
##..F..#
#.@..#.P#
#..........
#...........
###...#.#...
...######.
##... ...#
P..#


You could see a cane toad.

Vanquished Creatures
  3 hydras
  Erica (D:8)
  Pikel (D:3)
  A harpy (D:9)
  An ugly thing (Lair:2)
  A manticore (D:9)
  A black mamba (Lair:3)
  Psyche (D:8)
  3 cane toads
  3 komodo dragons
  2 jumping spiders (Lair:2)
  A red devil (Volcano)
  A polar bear (Lair:2)
  Grinder (D:4)
  Prince Ribbit (D:9)
  4 redbacks (Lair:2)
  Sigmund (D:2)
  A wyvern (D:9)
  4 basilisks
  8 yaks
  Edmund (D:4)
  6 water moccasins
  2 hell hounds (Lair:2)
  2 sky beasts
  A black bear (Lair:2)
  2 orc warriors (D:9)
  3 phantoms
  3 ogres
  6 wolves (Lair:2)
  A centaur (D:9)
  2 lemures
  A big kobold (D:7)
  2 elf zombies (Ossuary)
  6 bullfrogs
  A water moccasin zombie (D:9)
  A gnoll sergeant (D:8)
  A wyvern skeleton (D:8)
  A scorpion (D:9)
  4 killer bees (D:8)
  5 wights (D:6)
  2 electric eels (Lair:2)
  3 howler monkeys (D:9)
  3 centaur zombies
  3 bullfrog zombies
  A quasit (D:8)
  3 hounds (D:9)
  5 orc priests
  2 human zombies (Ossuary)
  11 orc wizards
  2 bullfrog skeletons
  3 jellies
  An iguana (D:6)
  Ijyb (D:5)
  Natasha (thrice) (D:4)
  9 worker ants
  4 hell rats (Lair:1)
  A hound zombie (D:3)
  3 mummies
  4 adders
  9 gnolls
  A howler monkey skeleton (D:6)
  4 white imps
  4 ufetubi
  4 oozes
  2 adder zombies (Ossuary)
  2 adder skeletons
  2 worms (D:3)
  3 dart slugs
  2 leopard geckos
  31 orcs
  A ball python (D:2)
  10 bats
  3 giant cockroaches
  8 goblins
  8 hobgoblins
  13 jackals
  2 quokkas
  10 frilled lizards
  2 goblin zombies (Ossuary)
  7 hobgoblin zombies (Ossuary)
  A jackal skeleton (D:4)
  7 kobolds
  11 kobold zombies (Ossuary)
  7 orc zombies (Ossuary)
  A quokka skeleton (D:5)
  14 rats
  2 rat zombies (Ossuary)
326 creatures vanquished.

Vanquished Creatures (others)
  15 fungi
  21 plants
36 creatures vanquished.

Grand Total: 362 creatures vanquished

Notes
Turn   | Place    | Note
-------+----------+-------------------------------------------
     0 | D:1      | Essalna the Gargoyle Earth Elementalist began the quest for
                  | the Orb.
     0 | D:1      | Reached XP level 1. HP: 10/10 MP: 3/3
    79 | D:1      | Reached skill level 1 in Transmutations
   191 | D:1      | Reached skill level 4 in Earth Magic
   191 | D:1      | Reached XP level 2. HP: 15/15 MP: 0/5
   382 | D:1      | Reached XP level 3. HP: 12/19 MP: 1/6
  1214 | D:2      | Found a glowing golden altar of the Shining One.
  1555 | D:2      | Noticed Sigmund
  1561 | D:2      | Killed Sigmund
  1562 | D:2      | Reached skill level 5 in Earth Magic
  1562 | D:2      | Reached XP level 4. HP: 18/24 MP: 3/9
  1562 | D:2      | Reached XP level 5. HP: 21/28 MP: 3/10
  1948 | D:2      | Found a glowing silver altar of Zin.
  2325 | D:2      | Reached XP level 6. HP: 32/32 MP: 11/11
  2338 | D:2      | Learned a level 3 spell: Stone Arrow
  2600 | D:2      | Found a basalt altar of Yredelemnul.
  2614 | D:2      | Noticed an angel
  2959 | D:3      | Noticed a moth of wrath
  2962 | D:3      | Found a bloodstained altar of Trog.
  3516 | D:3      | Learned a level 5 spell: Lee's Rapid Deconstruction
  3636 | D:4      | Noticed Natasha
  3640 | D:4      | Killed Natasha
  3676 | D:4      | Found a sacrificial altar of Ru.
  3676 | D:4      | Found a shadowy altar of Dithmenos.
  3676 | D:4      | Found an ornate altar of the Wu Jian Council.
  3678 | D:4      | Noticed a phantom
  3700 | D:4      | Killed a phantom
  3701 | D:4      | Reached skill level 6 in Earth Magic
  3701 | D:4      | Reached XP level 7. HP: 29/36 MP: 5/13
  3766 | D:4      | Noticed Natasha
  3769 | D:4      | Killed Natasha
  3847 | D:4      | Found a sand-covered staircase.
  3857 | Ossuary  | Entered an ossuary
  4017 | Ossuary  | Reached skill level 5 in Spellcasting
  4017 | Ossuary  | Reached skill level 7 in Earth Magic
  4390 | Ossuary  | Reached XP level 8. HP: 30/41 MP: 14/16
  4582 | D:4      | Noticed Grinder
  4591 | D:4      | Killed Grinder
  4592 | D:4      | Reached skill level 8 in Earth Magic
  4830 | D:4      | Noticed Pikel
  4833 | D:4      | Killed Natasha
  5136 | D:3      | Killed Pikel
  5137 | D:3      | Reached skill level 9 in Earth Magic
  5419 | D:4      | Noticed Edmund
  5434 | D:4      | Killed Edmund
  5648 | D:4      | Reached XP level 9. HP: 31/46 MP: 12/19
  5787 | D:5      | Entered Level 5 of the Dungeon
  5796 | D:5      | Reached skill level 1 in Fighting
  6050 | D:5      | Reached skill level 1 in Armour
  6114 | D:5      | Noticed Ijyb
  6120 | D:5      | Killed Ijyb
  6711 | D:6      | Found a staircase to the Ecumenical Temple.
  6727 | Temple   | Entered the Ecumenical Temple
  6813 | Temple   | Became a worshipper of Vehumet
  7036 | D:6      | Found an opulent altar of Gozag.
  7363 | D:6      | Reached skill level 10 in Earth Magic
  7476 | D:6      | Found Gytreat's Magic Scroll Boutique.
  7849 | D:7      | Found a snail-covered altar of Cheibriados.
  9636 | D:8      | Found a staircase to the Lair.
  9801 | D:8      | Reached * piety under Vehumet
  9801 | D:8      | Offered knowledge of Magic Dart by Vehumet.
  9887 | D:8      | Reached XP level 10. HP: 56/56 MP: 0/21
 10116 | D:8      | Found a burning altar of Makhleb.
 10360 | D:8      | Noticed Erica
 10378 | D:8      | Killed Erica
 10733 | D:8      | Noticed Psyche
 10736 | D:8      | Killed Psyche
 10893 | D:8      | Found Jeleres's Magic Scroll Boutique.
 10972 | D:9      | Found a glowing golden altar of the Shining One.
 11339 | D:9      | Noticed a +0 hand axe
 11340 | D:9      | Found a hide-covered altar of Uskayaw.
 11340 | D:9      | Noticed a +0 dagger
 11340 | D:9      | Noticed Prince Ribbit
 11346 | D:9      | Killed Prince Ribbit
 11571 | D:9      | Reached ** piety under Vehumet
 11571 | D:9      | Offered knowledge of Foxfire by Vehumet.
 11574 | D:9      | Reached skill level 5 in Fighting
 11574 | D:9      | Reached skill level 5 in Armour
 11743 | D:9      | Noticed a manticore
 11752 | D:9      | Reached skill level 11 in Earth Magic
 11759 | D:9      | Killed a manticore
 12470 | D:9      | Noticed a harpy
 12475 | D:9      | Killed a harpy
 12476 | D:9      | Reached XP level 11. HP: 35/64 MP: 12/23
 12722 | Lair:1   | Entered Level 1 of the Lair of Beasts
 12881 | Lair:1   | Reached skill level 5 in Dodging
 13252 | Lair:1   | Offered knowledge of Mephitic Cloud by Vehumet.
 13814 | Lair:1   | Noticed a five-headed hydra
 13820 | Lair:1   | Killed a five-headed hydra
 14545 | Lair:2   | Identified a scroll of acquirement
 14545 | Lair:2   | Acquired an uncursed staff of earth
 14571 | Lair:2   | Found a dark tunnel.
 14581 | Volcano  | Entered a volcano
 14713 | Volcano  | Noticed a sun demon
 14725 | Volcano  | Noticed a red ugly thing
 14967 | Lair:2   | Noticed an eight-headed hydra
 14970 | Lair:2   | Killed an eight-headed hydra
 14995 | Lair:2   | Reached skill level 12 in Earth Magic
 15015 | Lair:2   | Reached *** piety under Vehumet
 15283 | Lair:2   | Killed a red ugly thing
 15293 | Lair:2   | Noticed a four-headed hydra
 15833 | Lair:2   | Killed a four-headed hydra
 15834 | Lair:2   | Reached XP level 12. HP: 70/72 MP: 15/25
 15972 | Lair:2   | Found a hole to the Spider Nest.
 15997 | Lair:2   | Got a scorched jade ring
 15999 | Lair:2   | Identified the ring of Ybrok {*Tele rC+ Str+3 Stlth+} (You
                  | found it on level 2 of the Lair of Beasts)
 16399 | Lair:2   | Identified the Volume of Entrancing Conjuration
 16494 | Lair:2   | Got a bloodstained scale mail
 16567 | Lair:2   | Offered knowledge of Inner Flame by Vehumet.
 17442 | Lair:3   | Slain by a cane toad

Illustrated notes

Levels and vault maps discovered:
D:1:      tarquinn_simple_flora_water_f, layout_basic
D:2:      layout_basic, zin_academy, grunt_temple_overflow_holy_war,
          uniq_sigmund
D:3:      layout_basic, tgw_trog, lemuel_another_geyser
D:4:      layout_rooms, gammafunk_temple_overflow_claw,
          gup_ossuary_entry_pyramid, minmay_misc_feat_iff,
          minmay_misc_feat_secret_circle, uniq_grinder, uniq_pikel, uniq_edmund,
          uniq_natasha
D:5:      layout_rooms, supply_closet_lemuel, uniq_ijyb
D:6:      layout_basic, nicolae_overflow_crystal_walls,
          minmay_temple_entry_junction, serial_shops, shop
D:7:      layout_layer_cave, lemuel_round_altar
D:8:      layout_basic, lemuel_crystal_altar, lair_entry_dummy, serial_shops,
          kennysheep_mini, uniq_erica, uniq_psyche
D:9:      cheibrodos_fzero, layout_loops_ring, dancing_weapons_uskayaw,
          basic_altar, minivault_14, kennysheep_just_a_vault,
          uniq_prince_ribbit1
Temple:   minmay_temple_curvy_loop
Lair:1:   wad_woods_structure_01, layout_regular_city
Lair:2:   layout_roguey, nicolae_spider_entry_tight_spaces, enter_volcano_3,
          chequers_serial_rivers_large_b, gammafunk_lair_bear_cave,
          infiniplex_staircase_pool
Lair:3:   layout_chaotic_city

Skill      XL: |  1  2  3  4  5  6  7  8  9 10 11 12 |
---------------+-------------------------------------+-----
Transmutations | 1 2 3 |  3.0
Earth Magic    | 4 5 6 7 9 10 11 12 | 12.6
Spellcasting   | 3 4 5 7 8 9 |  9.9
Fighting       | 3 5 7 8 |  8.0
Armour         | 3 5 7 8 |  8.1
Dodging        | 3 4 6 |  6.4
Stealth        | |  2.1

Action                   |  1- 3 |  4- 6 |  7- 9 | 10-12 || total
-------------------------+-------+-------+-------+-------++-------
Melee: Unarmed           |     2 |       |       |       ||     2
       Spear             |    83 |   161 |   361 |   263 ||   868
       Short sword       |       |    48 |     1 |       ||    49
 Cast: Sandblast         |    17 |    37 |    49 |    21 ||   124
       Stone Arrow       |       |       |    89 |   147 ||   236
       Lee's Rapid Decon |       |       |     6 |    52 ||    58
  Use: Scroll            |       |     5 |     2 |    28 ||    35
 Stab: Sleeping          |     2 |     7 |     7 |     2 ||    18
Armor: Robe              |    28 |    92 |   140 |   136 ||   396
Dodge: Dodged            |    69 |   146 |   255 |   249 ||   719

Table legend: (Time is in decaauts)
 A = Elapsed time spent in this place.
 B = Non-inter-level travel time spent in this place.
 C = Inter-level travel time spent in this place.
 D = Time resting spent in this place.
 E = Time spent auto-exploring this place.
 F = Levels seen in this place.
 G = Mean time per level.
                   A        B        C        D        E       F      G
               +--------+--------+--------+--------+--------+-----+--------+
         Total |  17553 |  16827 |    726 |    436 |  13562 |  15 | 1170.2 |
       Dungeon |  11934 |  11510 |    424 |    436 |   9124 |   9 | 1326.0 |
        Temple |    142 |     78 |     64 |      0 |     76 |   1 |  142.0 |
          Lair |   4593 |   4356 |    237 |      0 |   3741 |   3 | 1531.0 |
       Ossuary |    722 |    722 |      0 |      0 |    490 |   1 |  722.0 |
       Volcano |    160 |    160 |      0 |      0 |    130 |   1 |  160.0 |
               +--------+--------+--------+--------+--------+-----+--------+

Top non-repeatable levels by time:
  Lair:2: 2385 daAuts
  Lair:1: 1939 daAuts
     D:2: 1792 daAuts
     D:9: 1752 daAuts
     D:8: 1639 daAuts
     D:7: 1509 daAuts
     D:3: 1209 daAuts
     D:6: 1158 daAuts
     D:1: 1136 daAuts
     D:4: 973 daAuts
     D:5: 762 daAuts
 Ossuary: 722 daAuts
  Lair:3: 268 daAuts
 Volcano: 160 daAuts
  Temple: 142 daAuts
